 Dungeon Crawl Stone Soup version 0.27.0-65-ge2af304b15 (webtiles) character file.

Game seed: 16774333367785802593

90 Ishikawa the Firebug (level 4, 0/24 HPs)
             Began as a Deep Elf Fire Elementalist on Aug 17, 2021.
             Slain by a scorpion (9 damage)
             ... on level 3 of the Dungeon.
             The game lasted 00:12:44 (1782 turns).

Ishikawa the Firebug (Deep Elf Fire Elementalist)   Turns: 1782, Time: 00:12:45

Health: 0/24       AC:  2    Str: 11    XL:     4   Next: 32%
Magic:  6/12       EV: 13    Int: 21    God:
Gold:   170        SH:  0    Dex: 15    Spells: 10/11 levels left

rFire    . . .     SeeInvis .   h - +0 dagger
rCold    . . .     Faith    .   (no shield)
rNeg     . . .     Spirit   .   d - +0 robe
rPois    .         Reflect  .   (no helmet)
rElec    .         Harm     .   (no cloak)
rCorr    .         Rampage  .   (no gloves)
Will     .....                  (no boots)
Stlth    ++........             c - amulet of regeneration
HPRegen  1.08/turn              n - +6 ring of strength
MPRegen  0.13/turn              (no ring)

@: very slightly contaminated
A: no striking features
a: no special abilities


You were on level 3 of the Dungeon.
You visited 1 branch of the dungeon, and saw 4 of its levels.

You collected 170 gold pieces.

Inventory:

Hand Weapons
 h - a +0 dagger (weapon)
 p - a +0 rapier
 q - a +0 short sword
Armour
 a - a +0 robe
 d - a +0 robe (worn)
Magical Staves
 e - a staff of earth
Jewellery
 c - an amulet of regeneration (around neck)
 n - a +6 ring of strength (left hand)
Scrolls
 i - a scroll of silence {unknown}
 j - a scroll of teleportation {unknown}
 k - a scroll of identify
 l - a scroll of magic mapping {unknown}
 r - a scroll of noise {unknown}
 t - a scroll of immolation {unknown}
 u - 3 scrolls of vulnerability {unknown}
Potions
 b - 2 potions of flight {unknown}
 f - 4 potions of curing {unknown}
 g - a potion of brilliance
 m - a potion of attraction {unknown}
 o - a potion of magic {unknown}
 s - 2 potions of haste {unknown}


   Skills:
 + Level 0.3 Fighting
 + Level 0.2 Short Blades
 + Level 3.1 Dodging
 + Level 2.8 Stealth
 * Level 4.1 Spellcasting
 * Level 1.8 Conjurations
 + Level 4.1 Fire Magic


You had 10 spell levels left.
You knew the following spells:

 Your Spells              Type           Power      Damage    Failure   Level
a - Foxfire               Conj/Fire      68%        2x1d7     3%          1

Your spell library contained the following spells:

 Spells                   Type           Power      Damage    Failure   Level
 Conjure Flame            Conj/Fire      17%        6-21      11%         3
 Inner Flame              Hex/Fire       13%        N/A       16%         3
 Sticky Flame             Conj/Fire      17%        2d4       34%         4
 Fireball                 Conj/Fire      8%         3d6       67%         5


Dungeon Overview and Level Annotations

Branches:
Dungeon (4/15)
 Temple: D:4-7

Altars:
Yredelemnul

Shops:
D:3 [


Message History

A goblin comes into view. It is wielding a +0 club.
Casting: Foxfire (safe; 3% risk of failure)
Confirm with . or Enter, or press ? or * to list all spells.
You miscast Foxfire.
You are very lightly contaminated with residual magic.
Nothing appears to happen.
The foxfire hits the hobgoblin.
The hobgoblin is severely wounded.
The foxfire hits the hobgoblin.
You kill the hobgoblin!
The scorpion closely misses you. The scorpion completely misses you.
Casting: Foxfire (safe; 3% risk of failure)
Confirm with . or Enter, or press ? or * to list all spells.
You conjure some foxfire!
The scorpion stings you.
Casting: Foxfire (safe; 3% risk of failure)
Confirm with . or Enter, or press ? or * to list all spells.
You conjure some foxfire!
The foxfire hits the scorpion but does no damage.
The foxfire hits the scorpion.
The scorpion is lightly wounded.
The scorpion stings you.
Casting: Foxfire (safe; 3% risk of failure)
Confirm with . or Enter, or press ? or * to list all spells.
You miscast Foxfire.
Nothing appears to happen.
The foxfire hits the scorpion but does no damage.
The scorpion is lightly wounded.
The foxfire hits the scorpion.
The scorpion is heavily wounded.
The scorpion stings you. The scorpion stings you! The scorpion stings you.
* * * LOW HITPOINT WARNING * * *
There is a stone staircase leading up here.
The scorpion barely misses you.
You climb upwards.
There is a stone staircase leading down here.
Casting: Foxfire (safe; 3% risk of failure)
Confirm with . or Enter, or press ? or * to list all spells.
You conjure some foxfire!
The scorpion barely misses you. The scorpion stings you!
You die...

####..).....#.##.................
#.#.###.......##.................
.#.## #.......###................
#.#.# #.......# #................
.#.####.......# #........#......#
####..........###..###.......####
# #..............## #.......#
####...........vs#####.......#
..............)v@............####
#.............#.##..##...........
....#.......).#..............###.
.####.........#####..#...........
.####.........####.....#..#######
...........<........###.....##
......#...........####..)....##
......#........#######...รท....#
........#........##...........#


You could see a scorpion (ally target).

Vanquished Creatures
  4 adders
  A worm (D:2)
  5 orcs (D:3)
  4 ball pythons
  4 bats
  3 endoplasms
  2 giant cockroaches (D:1)
  4 goblins
  5 hobgoblins
  2 quokkas
  4 frilled lizards
  3 kobolds
  5 rats (D:3)
46 creatures vanquished.

Vanquished Creatures (others)
  107 foxfires
107 creatures vanquished.

Grand Total: 153 creatures vanquished

Notes
Turn   | Place    | Note
-------+----------+-------------------------------------------
     0 | D:1      | Ishikawa the Deep Elf Fire Elementalist began the quest for
                  | the Orb.
     0 | D:1      | Reached XP level 1. HP: 10/10 MP: 6/6
   194 | D:1      | Reached XP level 2. HP: 15/15 MP: 1/8
   678 | D:2      | Found a basalt altar of Yredelemnul.
   686 | D:2      | Reached XP level 3. HP: 19/19 MP: 8/10
  1442 | D:3      | Reached XP level 4. HP: 24/24 MP: 8/12
  1636 | D:3      | Found Orimim's Armour Boutique.
  1769 | D:4      | Noticed a scorpion
  1782 | D:3      | Slain by a scorpion

Illustrated notes

Levels and vault maps discovered:
D:1:      ebering_trefoil_twist, layout_rooms
D:2:      layout_basic, basic_altar, minivault_27
D:3:      layout_rooms, serial_shops, nicolae_shop_crystal, minivault_24,
          wad_orctagon
D:4:      layout_basic, kennysheep_small_square, uniq_natasha

Skill      XL: |  1  2  3 |
---------------+----------+-----
Fire Magic     | 4 |  4.1
Spellcasting   | 4 |  4.1
Dodging        | 3 |  3.1
Fighting       | |  0.3
Short Blades   | |  0.2
Stealth        | |  2.8
Conjurations   | |  1.8

Action                   |  1- 3 |  4- 6 || total
-------------------------+-------+-------++-------
Melee: Unarmed           |     2 |       ||     2
       Dagger            |    36 |       ||    36
 Cast: Foxfire           |    55 |    15 ||    70
  Use: Scroll            |     1 |       ||     1
 Stab: Sleeping          |     2 |       ||     2
Armor: Robe              |    13 |       ||    13
Dodge: Dodged            |    53 |     8 ||    61
